 Dungeon Crawl Stone Soup version 0.01-2161-g8ec87df2bd (webtiles) character file.

Game seed: 9571910999460434768, levelgen mode: deterministic

713 Lanoc the Twirler (level 7, 0/49 HPs) Lignifite Berserker. Began on June 29, 2020. Was a Priest of Trog. Slain by a big kobold ... wielding a +0 short sword (10 damage) ... on level 2 of the Dungeon. The game lasted 00:10:43 (2293 turns).

Lanoc the Twirler (Lignifite Berserker)             Turns: 2293, Time: 00:10:44

Health: 0/49       AC:  1    Str: 23    XL:     7 ^: 407
Magic:  8/8        EV: 15    Int:  8    God:    Trog [3* [93]]
Gold:   44         SH:  9    Dex:  9    Spells: 6/6 levels left

rFire    x . .     Vision   .   a - +0 mace
rCold    . . .     Gourm    +   d - +0 buckler
rNeg     . . .     Faith    .   l - +0 animal skin
rPois    +         Spirit   .   (helmet restricted)
rElec    .         Reflect  .   (no cloak)
rCorr    .         Harm     .   (gloves unavailable)
MR       .....     Rnd*Rage +   (boots unavailable)
Stlth    +.........             h - amulet of the gourmand
HPRegen  0.26/turn              (no ring)
MPRegen  0.18/turn              (no ring)

@: berserk cooldown, slowed, slow
A: small, rF-, deformed body, speed 1, poison resistance, slow metabolism 1,
torment resistance, plant, rot immunity
a: Berserk, Trog's Hand, Renounce Religion


You were on level 2 of the Dungeon.
You worshipped Trog.
Trog was most pleased with you.
You were completely stuffed.

You visited 1 branch of the dungeon, and saw 2 of its levels.

You collected 44 gold pieces.

Inventory:

Weapons
 a - a +0 mace (weapon)
 b - a +2 hunting sling of freezing
 n - a -2 quick blade Shields
 d - a +0 buckler (shield)
Armour
 k - a +2 pair of gloves of wielding
 l - a +0 animal skin (worn)
 m - a +2 pair of gloves
Jewellery
 h - an amulet of the gourmand (around neck)
Scrolls
 f - a scroll of blinking
 i - a scroll of fog
 j - a scroll of teleportation
Potions
 g - 2 potions of resistance
Comestibles
 c - 3 rations
 o - a chunk of flesh


   Skills:
 + Level 4.6 Fighting
 * Level 6.6 Maces & Staves
 + Level 4.3 Dodging
 + Level 3.3 Shields


You had 6 spell levels left.
You didn't know any spells.
Your spell library was empty.

Dungeon Overview and Level Annotations

Branches:
Dungeon (2/8)

Altars:
The Shining One


Innate Abilities, Weirdness & Mutations

Your woody flesh burns easily. (rF-)
A tangle of shorter branches protects your body from attack. (+3 SH)
You are small and have problems with some larger weapons.
Armour fits poorly on your strangely shaped body.
You cover ground quickly.
Your system is resistant to poisons. (rPois)
You have a slow metabolism.
You are immune to unholy pain and torment.
You require very little carbon dioxide to survive.
You are immune to rotting.
You frequently lose your temper in combat.
This godly rage surpasses even clarity. (*Rage)


Message History

The big kobold splashes around in the water.
You hit the big kobold but do no damage.
The big kobold is severely wounded. (8/27) HP The kobold barely misses you (0).
The giant cockroach misses you (0). You block the big kobold's attack.
The kobold misses you (0).
The giant cockroach barely misses you (0).
You hit the big kobold (4).
The big kobold is almost dead. (4/27) HP The big kobold hits you with a +0 short sword (5).
The giant cockroach barely misses you (0).
You block the kobold's attack.
The big kobold hits you with a +0 short sword (5).
* * * LOW HITPOINT WARNING * * *
The giant cockroach splashes around in the water.
The kobold closely misses you (0).
You hit the big kobold (2).
The big kobold is almost dead. (3/27) HP The giant cockroach splashes around in the water.
The big kobold hits you with a +0 short sword (10)!
You die...

≈............≈b≈≈≈;≈≈≈≈.
≈≈......b≈≈≈≈≈≈≈≈≈≈≈≈≈≈≈
≈≈≈≈≈≈≈≈.≈≈≈≈≈≈≈≈≈≈≈≈≈≈≈
≈≈≈≈≈≈≈≈.≈≈≈≈≈≈≈≈≈≈≈≈≈≈≈
≈≈≈≈≈≈≈.?.≈≈≈≈≈≈≈≈≈≈≈≈b≈
≈≈≈≈≈≈≈.≈≈≈≈≈≈≈≈≈≈≈≈≈≈≈≈
≈≈≈≈≈≈≈≈≈≈≈≈≈≈≈≈≈≈≈≈≈≈≈≈
≈≈≈≈≈≈≈KK≈≈≈≈≈≈≈≈≈≈≈≈≈≈≈
≈≈≈≈≈≈≈@s≈≈≈≈≈b≈≈.≈≈≈≈≈≈
.≈≈≈≈≈≈.≈≈≈≈≈≈≈≈≈≈..≈≈.?
##############≈≈≈≈≈....#
#≈≈≈≈≈≈≈≈## #≈≈≈≈≈≈≈≈##
#≈≈≈≈≈≈≈≈## #≈≈≈≈≈≈≈≈##
#≈≈≈≈≈≈≈≈## #.≈≈≈≈≈≈≈##


You could see a big kobold, a giant cockroach and a kobold.

Vanquished Creatures
  4 big kobolds (D:2)
  2 jellies (D:2)
  28 sewer rats (D:2)
  2 adders (D:2)
  4 cinder newts
  A worm (D:2)
  3 oozes (D:2)
  2 dart slugs (D:1)
  A cinder newt skeleton (D:2)
  4 giant cockroaches
  3 hobgoblins (D:1)
  4 ball pythons
  9 bats
  A bat skeleton (D:2)
  2 goblins (D:1)
  A hobgoblin skeleton (D:2)
  17 kobolds
  A rat (D:1)
89 creatures vanquished.

Vanquished Creatures (others)
  A jelly (D:2)
  9 sewer rats (D:2)
  3 worms (D:2)
  A bat (D:2)
  A giant cockroach (D:2)
  4 ball pythons (D:2)
  A bat skeleton (D:2)
  A hobgoblin skeleton (D:2)
  4 kobolds (D:2)
  2 giant blowflies (D:2)
  167 withered plants (D:2)
194 creatures vanquished.

Grand Total: 283 creatures vanquished

Notes
Turn   | Place    | Note
-------+----------+-------------------------------------------
     0 | D:1      | Lanoc the Lignifite Berserker began the quest for the Orb.
     0 | D:1      | Reached XP level 1. HP: 14/14 MP: 2/2
   415 | D:1      | Reached XP level 2. HP: 21/21 MP: 3/3
   653 | D:1      | Reached skill level 4 in Maces & Staves
   653 | D:1      | Reached XP level 3. HP: 25/26 MP: 4/4
   876 | D:1      | Found a glowing golden altar of the Shining One.
  1013 | D:2      | Reached skill level 1 in Shields
  1046 | D:2      | HP: 1/26 [sewer rat (9)]
  1183 | D:2      | Reached ** piety under Trog
  1183 | D:2      | Reached XP level 4. HP: 18/31 MP: 5/5
  1186 | D:2      | Received a gift from Trog
  1431 | D:2      | Reached XP level 5. HP: 14/37 MP: 6/6
  1458 | D:2      | Reached skill level 5 in Maces & Staves
  1535 | D:2      | Reached XP level 6. HP: 26/43 MP: 7/7
  1738 | D:2      | Reached skill level 6 in Maces & Staves
  1856 | D:2      | Reached *** piety under Trog
  1923 | D:2      | Reached XP level 7. HP: 44/49 MP: 8/8
  2112 | D:2      | Received a gift from Trog
  2293 | D:2      | Slain by a big kobold

Levels and vault maps discovered:
D:1:      dpeg_arrival_court, layout_loops_corners, tso_altar
D:2:      layout_sewer, kennysheep_mini_moat, first_ration

Skill      XL: |  1  2  3  4  5  6  7 |
---------------+----------------------+-----
Maces & Staves | 4 5 6 |  6.6
Dodging        | 3 4 |  4.3
Shields        | 1 2 3 |  3.3
Fighting       | 4 |  4.6

Action                   |  1- 3 |  4- 6 |  7- 9 || total
-------------------------+-------+-------+-------++-------
Melee: Mace              |    97 |   181 |    79 ||   357
       Unarmed           |    14 |       |       ||    14
 Fire: Hunting sling     |    11 |       |       ||    11
Invok: Berserk           |     3 |     6 |     1 ||    10
  Use: Potion            |       |     2 |     1 ||     3
  Eat: Chunk             |     1 |     5 |    10 ||    16
       Ration            |       |     2 |       ||     2
Armor: Animal skin       |     5 |       |     2 ||     7
Dodge: Dodged            |    86 |   129 |    57 ||   272
Block: Buckler           |    17 |    82 |    29 ||   128
